 Dungeon Crawl Stone Soup version 0.29.1-12-g30fa7ad0bf (webtiles) character file.

Game seed: 2068125653776630332

404 mopl the Magician (level 6, -2/36 HPs)
             Began as an Octopode Hedge Wizard on Jan 6, 2023.
             Slain by a lemure (7 damage)
             ... led by Pikel
             ... on level 3 of the Dungeon.
             The game lasted 00:06:54 (3905 turns).

mopl the Magician (Octopode Hedge Wizard)           Turns: 3905, Time: 00:06:55

Health: -2/36      AC:  1    Str: 16    XL:     6   Next: 86%
Magic:  12/12      EV: 13    Int: 18    God:
Gold:   230        SH:  0    Dex: 11    Spells: 4/13 levels left

rFire   . . .      SeeInvis .   b - staff of poison
rCold   + . .      Faith    .   (no shield)
rNeg    . . .      Spirit   .   i - +0 hat
rPois   +          Reflect  .   (no amulet)
rElec   .          Harm     .   d - ring of protection from cold
rCorr   +          Rampage  .   n - +6 ring of strength
Will    +....                   r - ring of resist corrosion
Stlth   +++.......              s - ring of willpower
HPRegen 0.12/turn               (no ring)
MPRegen 0.13/turn               (no ring)
                                (no ring)
                                (no ring)

@: no status effects
A: almost no armour, amphibious, 8 rings, camouflage 1, gelatinous body 1,
(nimble swimmer 1), tentacles
a: no special abilities


You were on level 3 of the Dungeon.
You visited 1 branch of the dungeon, and saw 4 of its levels.

You collected 230 gold pieces.

Inventory:

Hand Weapons
 a - a +0 dagger
Missiles
 q - 2 datura-tipped darts
 u - 3 boomerangs
Armour
 i - a +0 hat (worn)
Magical Staves
 b - a staff of poison (weapon)
Jewellery
 d - a ring of protection from cold (left tentacle)
 n - a +6 ring of strength (right tentacle)
 r - a ring of resist corrosion (on tentacle)
 s - a ring of willpower (on tentacle)
Scrolls
 f - 3 scrolls of identify {unknown}
 j - a scroll of teleportation {unknown}
 p - a scroll of fear {unknown}
 t - 2 scrolls of enchant weapon {unknown}
 v - a scroll of vulnerability {unknown}
 w - a scroll of enchant armour {unknown}
 x - a scroll of immolation {unknown}
Potions
 c - 2 potions of magic
 e - 3 potions of berserk rage {unknown}
 g - a potion of curing {unknown}
 h - a potion of ambrosia {unknown}
 k - a potion of attraction {unknown}
 l - 2 potions of brilliance {unknown}
 m - a potion of might {unknown}
 o - a potion of flight {unknown}


   Skills:
 + Level 1.8 Staves
 - Level 2.0 Dodging
 - Level 2.6 Stealth
 + Level 4.1 Spellcasting
 + Level 3.1 Conjurations
 - Level 1.0 Summonings
 + Level 2.8 Translocations
 + Level 1.7 Air Magic
 + Level 2.3 Poison Magic
 + Level 2.0 Evocations


You had 4 spell levels left.
You knew the following spells:

 Your Spells              Type           Power      Damage    Failure   Level
a - Magic Dart            Conj           60%        1d6       4%          1
c - Conjure Flame         Conj/Fire      9%         6-21      22%         3
d - Mephitic Cloud        Conj/Pois/Air  18%        N/A       16%         3
e - Blink                 Tloc           26%        N/A       7%          2

Your spell library contained the following spells:

 Spells                   Type           Power      Damage    Failure   Level
 Slow                     Hex            12%        N/A       14%         1
 Call Imp                 Summ           7%         N/A       14%         2
 Gell's Gravitas          Tloc           13%        N/A       14%         3
 Lesser Beckoning         Tloc           13%        N/A       14%         3
 Teleport Other           Tloc           13%        N/A       14%         3


Dungeon Overview and Level Annotations

Branches:
Dungeon (4/15)
 Temple: D:4-7

Altars:
Ashenzari
Gozag
Qazlal

Shops:
D:1 :

Annotations:
D:4 1 runed translucent door, Pikel; gargbit's ghost, amateur OpFi


Innate Abilities, Weirdness & Mutations

You cannot wear most types of armour.
You are amphibious.
You can wear up to eight rings at the same time.
Your skin changes colour to match your surroundings (Stealth+).
Your rubbery body absorbs attacks. (AC +1, EV +1)
((You are camouflaged when in or above water. (Stealth+)))
You have tentacles for arms and can constrict up to eight enemies at once.


Message History

There is an open door here.
Something unseen opens the door.
There is a stone staircase leading up here.
Pikel says, "Hell isn't that bad."
The lemure hits you.
You climb upwards.
There is a stone staircase leading down here.
You hit the lemure. Your grab misses the lemure.
The lemure is lightly wounded.
The lemure barely misses you.
You hit the lemure but do no damage. Your grab misses the lemure.
The lemure is lightly wounded.
The lemure hits you but does no damage.
You hit the lemure but do no damage. Your grab misses the lemure.
The lemure is lightly wounded.
The lemure barely misses you.
You barely miss the lemure. Your grab misses the lemure.
The lemure is lightly wounded.
The lemure hits you. x2
You barely miss the lemure. You grab the lemure.
The lemure is lightly wounded.
You constrict the lemure. The lemure hits you!
You are too injured to fight recklessly!
You are too injured to fight recklessly!
You hit the lemure.
The lemure is moderately wounded.
You constrict the lemure. The lemure barely misses you.
You barely miss the lemure.
The lemure is heavily wounded.
You constrict the lemure, but do no damage.
The lemure misses you.
You hit the lemure but do no damage.
The lemure is heavily wounded.
You constrict the lemure. The lemure hits you!
* * * LOW HITPOINT WARNING * * *
You hit the lemure but do no damage.
The lemure is severely wounded.
You constrict the lemure, but do no damage.
The lemure hits you!
You die...

#######....#######
#................#
#######.###......#####.#
#...)............# #.# ###
#.####.[.).......# #.# #..
#.#..#.#.##......# #.# #.#
#.#..#.#.##......# #.# #.#
#.#......##......#####.# #.#
#.#.##.....@.......)##.# #.#
#.#....####5.....##.##.# #..
#.#....# #......##.##.# #._
#.#.#######............###..
#.#.......##................
#.#######.##.#####..########
#......##.##.# ##....#
######.##.##.# ####.###
#....#.##.##.# ##### #...#


You could see a lemure.

Vanquished Creatures
  Sigmund (D:4)
  A necrophage (D:4)
  A scorpion (D:4)
  A hound (D:4)
  A gnoll (D:1)
  An adder (D:4)
  A worm (D:2)
  A dart slug (D:1)
  11 orcs
  5 endoplasms
  5 giant cockroaches
  6 hobgoblins
  6 jackals
  8 kobolds
  5 quokkas
  4 ball pythons
  4 bats
  2 frilled lizards (D:1)
  3 goblins
  4 rats
71 creatures vanquished.

Notes
Turn   | Place    | Note
-------+----------+-------------------------------------------
     0 | D:1      | mopl the Octopode Hedge Wizard began the quest for the Orb.
     0 | D:1      | Reached XP level 1. HP: 11/11 MP: 4/4
   108 | D:1      | Reached XP level 2. HP: 11/17 MP: 0/6
   231 | D:1      | Learned a level 2 spell: Blink
   582 | D:1      | Reached skill level 2 in Conjurations
   582 | D:1      | Reached XP level 3. HP: 21/21 MP: 7/7
   586 | D:1      | Learned a level 3 spell: Conjure Flame
   739 | D:1      | Found Buzykheh's Book Boutique.
  1660 | D:2      | Found a faded altar of an unknown god.
  1805 | D:2      | Learned a level 3 spell: Mephitic Cloud
  1836 | D:3      | Reached XP level 4. HP: 27/27 MP: 9/9
  2064 | D:3      | Found an opulent altar of Gozag.
  2361 | D:3      | Found a stormy altar of Qazlal.
  2988 | D:4      | Found a runed translucent door.
  2988 | D:4      | Noticed gargbit's ghost (amateur OpFi)
  3070 | D:4      | Reached skill level 2 in Translocations
  3070 | D:4      | Reached skill level 1 in Poison Magic
  3070 | D:4      | Reached skill level 1 in Evocations
  3070 | D:4      | Reached XP level 5. HP: 7/31 MP: 10/10
  3193 | D:4      | Noticed Sigmund
  3310 | D:4      | Killed Sigmund
  3311 | D:4      | Reached skill level 1 in Staves
  3311 | D:4      | Reached skill level 1 in Air Magic
  3311 | D:4      | Reached XP level 6. HP: 13/36 MP: 7/11
  3561 | D:4      | Reached skill level 2 in Poison Magic
  3694 | D:4      | Reached skill level 4 in Spellcasting
  3694 | D:4      | Reached skill level 3 in Conjurations
  3763 | D:4      | Reached skill level 2 in Evocations
  3807 | D:4      | Found a broken altar of Ashenzari.
  3881 | D:4      | Noticed Pikel
  3905 | D:3      | Slain by a lemure

Illustrated notes

Levels and vault maps discovered:
D:1:      dpeg_arrival_castle, layout_basic, serial_shops,
          nicolae_shop_hallway_stairs
D:2:      layout_rooms, shapermc_ecumenical_altar_mp_ritualfount
D:3:      layout_basic, nicolae_overflow_crystal_walls,
          nicolae_gozag_seed_capital, grunt_ministairs_15,
          grunt_decor_arrowhead, roderic_lattice_a
D:4:      layout_rooms, cheibrodos_ashenzari_chains,
          lemuel_mausoleum_altar_yredelemnul, nemelex_spade_bored_becter,
          tgw_kikubaaqudgha, hellmonk_ghost_happy_afterlife, serial_curves,
          eino_curves_02, eino_curves_01, eino_curves_04, eino_curves_02,
          grunt_decor_clamped, uniq_sigmund, uniq_pikel

Skill      XL: |  1  2  3  4  5  6 |
---------------+-------------------+-----
Conjurations   | 2 3 |  3.1
Translocations | 2 |  2.8
Poison Magic   | 1 2 |  2.3
Evocations     | 1 2 |  2.0
Staves         | 1 |  1.8
Air Magic      | 1 |  1.7
Spellcasting   | 4 |  4.1
Dodging        | |  2.0
Stealth        | |  2.6
Summonings     | |  1.0

Action                   |  1- 3 |  4- 6 || total
-------------------------+-------+-------++-------
Melee: Dagger            |    80 |       ||    80
       Constrict         |    19 |    25 ||    44
       Tentacles         |    10 |    22 ||    32
       Staff             |     2 |    81 ||    83
       Punch             |     1 |     3 ||     4
 Cast: Magic Dart        |     8 |       ||     8
       Mephitic Cloud    |       |     2 ||     2
       Conjure Flame     |       |     2 ||     2
       Blink             |       |     1 ||     1
 Stab: Sleeping          |    12 |     3 ||    15
Armor: Skin              |     4 |     4 ||     8
Dodge: Dodged            |    42 |    55 ||    97
